TOP OF THE 1ST |
Lodi Crushers batting - Pitching for Visalia Mets : LHP Tom Bolton
|
Pitching: LHP Tom Bolton
|
|
Batting: LHB Adrian Zepeda
|
0-0: Ball 1-0: Called Strike 1-1: Foul Ball, location: 2F 1-2: Foul Ball, location: 2F 1-2: Ground out U3 (Groundball, 3, EV 81.3 MPH)
|
Batting: LHB Francisco Jabalera
|
0-0: Ball 1-0: Foul Ball, location: 2F 1-1: Ball 2-1: Ball 3-1: Ground out 6-3 (Groundball, 6M, EV 83.8 MPH)
|
Batting: RHB Carmelo Martinez
|
0-0: Foul Ball, location: 2F 0-1: Ball 1-1: Foul Ball, location: 2F 1-2: Ball 2-2: Ball 3-2: SINGLE (Flyball, 89S, EV 86.3 MPH)
|
Batting: RHB Ron Karkovice
|
0-0: Ball 1-0: Ball 2-0: Ball 3-0: Called Strike 3-1: Fly out, F4 (Popup, 4S, EV 67.5 MPH)
|
Top of the 1st over - 0 runs, 1 hit, 0 errors, 1 left on base; Lodi 0 - Visalia 0 |
BOTTOM OF THE 1ST |
Visalia Mets batting - Pitching for Lodi Crushers : LHP John Franco
|
Pitching: LHP John Franco
|
|
Batting: RHB Danny Ainge
|
0-0: Called Strike 0-1: Fly out, F8 (Flyball, 8RM, EV 94.4 MPH)
|
Batting: SHB David Navarro
|
0-0: Ball 1-0: Ball 2-0: Called Strike 2-1: Called Strike 2-2: SINGLE (Line Drive, 6M, EV 96.3 MPH)
|
Batting: LHB Huey Gayden
|
0-0: Ball 1-0: Ball 2-0: Foul Ball, location: 2F 2-1: Swinging Strike 2-2: Fly out, F9 (Flyball, 89S, EV 83.8 MPH)
|
Batting: LHB Pete Dalena
|
0-0: Ground out U3 (Groundball, 3, EV 99.4 MPH)
|
Bottom of the 1st over - 0 runs, 1 hit, 0 errors, 1 left on base; Lodi 0 - Visalia 0 |
TOP OF THE 2ND |
Lodi Crushers batting - Pitching for Visalia Mets : LHP Tom Bolton
|
Batting: LHB Jeff Reed
|
0-0: Foul Ball, location: 2F 0-1: Foul Ball, location: 2F 0-2: Ball 1-2: Foul Ball, location: 2F 1-2: Foul Ball, location: 2F 1-2: Fly out, F5 (Popup, 5SF, EV 76.3 MPH)
|
Batting: RHB Chris Baker
|
0-0: Ball 1-0: Fly out, F8 (Flyball, 8RD, EV 100.0 MPH)
|
Batting: RHB Steve Aragon
|
0-0: Called Strike 0-1: Foul Ball, location: 2F 0-2: Fly out, F9 (Flyball, 9D, EV 91.9 MPH)
|
Top of the 2nd over - 0 runs, 0 hits, 0 errors, 0 left on base; Lodi 0 - Visalia 0 |
BOTTOM OF THE 2ND |
Visalia Mets batting - Pitching for Lodi Crushers : LHP John Franco
|
Batting: SHB Marcos Gomez
|
0-0: Called Strike 0-1: Ball 1-1: Ball 2-1: Ground out 1-3 (Groundball, 15S, EV 66.9 MPH)
|
Batting: RHB Ken Frazier
|
0-0: Foul Ball, location: 2F 0-1: Swinging Strike 0-2: Ground out 6-3 (Groundball, 6, EV 85.0 MPH)
|
Batting: RHB Ed Sedar
|
0-0: Called Strike 0-1: Ground out 5-3 (Groundball, 56, EV 83.1 MPH)
|
Bottom of the 2nd over - 0 runs, 0 hits, 0 errors, 0 left on base; Lodi 0 - Visalia 0 |
TOP OF THE 3RD |
Lodi Crushers batting - Pitching for Visalia Mets : LHP Tom Bolton
|
Batting: SHB Leon Baham
|
0-0: Fly out, F7 (Flyball, 7, EV 86.9 MPH)
|
Batting: RHB Kerry Baker
|
0-0: Ball 1-0: Ball 2-0: Ball 3-0: Called Strike 3-1: Fly out, F9 (Flyball, 9S, EV 93.1 MPH)
|
Batting: LHB Adrian Zepeda
|
0-0: Ball 1-0: Ground out U3 (Groundball, 3, EV 101.3 MPH)
|
Top of the 3rd over - 0 runs, 0 hits, 0 errors, 0 left on base; Lodi 0 - Visalia 0 |
BOTTOM OF THE 3RD |
Visalia Mets batting - Pitching for Lodi Crushers : LHP John Franco
|
Batting: RHB Gabriel de la Sancha
|
0-0: Ground out 2-3 (Groundball, 13S, EV 66.9 MPH)
|
Batting: RHB Eddie Dennis
|
0-0: Swinging Strike 0-1: SINGLE (Popup, 25F, EV 87.5 MPH)
|
Batting: RHB Danny Ainge
|
0-0: Called Strike 0-1: Ball 1-1: Ball 2-1: Fly out, F4 (Line Drive, 4, EV 65.6 MPH)
|
Batting: SHB David Navarro
|
0-0: Swinging Strike 0-1: Ground out 4-3 (Groundball, 4, EV 81.3 MPH)
|
Bottom of the 3rd over - 0 runs, 1 hit, 0 errors, 1 left on base; Lodi 0 - Visalia 0 |
TOP OF THE 4TH |
Lodi Crushers batting - Pitching for Visalia Mets : LHP Tom Bolton
|
Batting: LHB Francisco Jabalera
|
0-0: Ball 1-0: SINGLE (Line Drive, 34D, EV 105.0 MPH)
|
Batting: RHB Carmelo Martinez
|
0-0: Ball 1-0: SINGLE (Groundball, 56D, EV 104.4 MPH) Francisco Jabalera to second
|
Batting: RHB Ron Karkovice
|
0-0: Ball 1-0: Ball 2-0: Swinging Strike 2-1: Fly out, F9 (Flyball, 89D, EV 101.9 MPH) Runner from 2nd tags up, SAFE at 3rd, no throw by RF
|
Batting: LHB Jeff Reed
|
0-0: Swinging Strike 0-1: Called Strike 0-2: Foul Ball, location: 2F 0-2: Foul Ball, location: 2F 0-2: Foul Ball, location: 2F 0-2: Fly out, F7 (Line Drive, 7, EV 111.9 MPH) Runner from 3rd tags up, SCORES, throw by LF
|
Batting: RHB Chris Baker
|
0-0: Called Strike 0-1: Fly out, F8 (Flyball, 8LD, EV 90.6 MPH)
|
Top of the 4th over - 1 run, 2 hits, 0 errors, 1 left on base; Lodi 1 - Visalia 0 |
BOTTOM OF THE 4TH |
Visalia Mets batting - Pitching for Lodi Crushers : LHP John Franco
|
Batting: LHB Huey Gayden
|
0-0: Foul Ball, location: 2F 0-1: Ball 1-1: SINGLE (Line Drive, 8LS, EV 107.5 MPH)
|
Batting: LHB Pete Dalena
|
0-0: Called Strike 0-1: Ball 1-1: Ball 2-1: Grounds into double play, 3-6-3 (Groundball, 34S, EV 84.4 MPH)
|
Batting: SHB Marcos Gomez
|
0-0: Foul Ball, location: 2F 0-1: Swinging Strike 0-2: Foul Ball, location: 2F 0-2: Ball 1-2: Fly out, F7 (Flyball, 7, EV 76.9 MPH)
|
Bottom of the 4th over - 0 runs, 1 hit, 0 errors, 0 left on base; Lodi 1 - Visalia 0 |
TOP OF THE 5TH |
Lodi Crushers batting - Pitching for Visalia Mets : LHP Tom Bolton
|
Batting: RHB Steve Aragon
|
0-0: Ball 1-0: Ball 2-0: Ball 3-0: Called Strike 3-1: Base on Balls
|
Batting: SHB Leon Baham
|
0-0: Called Strike 0-1: Foul Ball, location: 2F 0-2: Foul Ball, location: 2F 0-2: Foul Ball, location: 2F 0-2: Ball 1-2: Ball 2-2: Ball 3-2: Foul Ball, location: 2F 3-2: DOUBLE (Line Drive, 89XD, EV 114.4 MPH) Steve Aragon to third
|
Batting: RHB Kerry Baker
|
0-0: Swinging Strike 0-1: Foul Ball, location: 2F 0-2: Ball 1-2: Strikes out swinging
|
Batting: LHB Adrian Zepeda
|
0-0: Called Strike 0-1: Ball 1-1: Called Strike 1-2: Fly out, F8 (Flyball, 8RS, EV 94.4 MPH)
|
Pitching: RHP Mike Ferguson
|
|
Batting: LHB Francisco Jabalera
|
0-0: Ball 1-0: Called Strike 1-1: Hit by Pitch
|
Batting: RHB Carmelo Martinez
|
0-0: Foul Ball, location: 2F 0-1: Foul Ball, location: 2F 0-2: Ball 1-2: Foul Ball, location: 2F 1-2: Ball 2-2: Ball 3-2: Base on Balls Steve Aragon scores Leon Baham to third Francisco Jabalera to second
|
Batting: RHB Ron Karkovice
|
0-0: Called Strike 0-1: Foul Ball, location: 2F 0-2: Ball 1-2: Ball 2-2: Ball 3-2: Fly out, F7 (Flyball, 78S, EV 86.9 MPH)
|
Top of the 5th over - 1 run, 1 hit, 0 errors, 3 left on base; Lodi 2 - Visalia 0 |
BOTTOM OF THE 5TH |
Visalia Mets batting - Pitching for Lodi Crushers : LHP John Franco
|
Batting: RHB Ken Frazier
|
0-0: Called Strike 0-1: Ball 1-1: Ground out 6-3 (Groundball, 6, EV 83.8 MPH)
|
Batting: RHB Ed Sedar
|
0-0: SINGLE (Groundball, 5S, EV 75.0 MPH) (infield hit)
|
Batting: RHB Gabriel de la Sancha
|
0-0: Ball 1-0: Ball 2-0: Fly out, F4 (Popup, 3DF, EV 55.0 MPH)
|
Batting: RHB Eddie Dennis
|
0-0: Ball 1-0: Called Strike 1-1: Ball 2-1: Foul Ball, location: 2F 2-2: Foul Ball, location: 2F 2-2: Foul Ball, location: 2F 2-2: SINGLE (Line Drive, 89M, EV 94.4 MPH) Ed Sedar to second Runner from 2nd tries for 3rd, SAFE, no throw by RF
|
Batting: RHB Danny Ainge
|
0-0: DOUBLE (Flyball, 8RXD, EV 97.5 MPH) Ed Sedar scores Eddie Dennis to third Runner from 3rd tries for Home, SAFE, throw by CF to home
|
Batting: SHB David Navarro
|
0-0: Foul Ball, location: 2F 0-1: Fly out, F9 (Flyball, 89M, EV 71.9 MPH)
|
Bottom of the 5th over - 2 runs, 3 hits, 0 errors, 1 left on base; Lodi 2 - Visalia 2 |
TOP OF THE 6TH |
Lodi Crushers batting - Pitching for Visalia Mets : RHP Mike Ferguson
|
Batting: LHB Jeff Reed
|
0-0: Ground out 5-3 (Groundball, 56, EV 103.8 MPH)
|
Batting: RHB Chris Baker
|
0-0: Swinging Strike 0-1: Ball 1-1: Swinging Strike 1-2: Ball 2-2: Ball 3-2: Strikes out swinging
|
Batting: RHB Steve Aragon
|
0-0: Called Strike 0-1: Bunt missed! 0-2: Ball 1-2: Foul Ball, location: 2F 1-2: Fly out, F4 (Popup, 34, EV 38.1 MPH)
|
Top of the 6th over - 0 runs, 0 hits, 0 errors, 0 left on base; Lodi 2 - Visalia 2 |
BOTTOM OF THE 6TH |
Visalia Mets batting - Pitching for Lodi Crushers : LHP John Franco
|
Batting: LHB Huey Gayden
|
0-0: Foul Ball, location: 2F 0-1: Foul Ball, location: 2F 0-2: Ball 1-2: Foul Ball, location: 2F 1-2: Ground out 4-3 (Groundball, 4M, EV 83.8 MPH)
|
Batting: LHB Pete Dalena
|
0-0: Swinging Strike 0-1: Ball 1-1: Foul Ball, location: 2F 1-2: SINGLE (Line Drive, 4M, EV 98.1 MPH)
|
Batting: SHB Marcos Gomez
|
0-0: Foul Ball, location: 2F 0-1: Foul Ball, location: 2F 0-2: Ball 1-2: Strikes out swinging
|
Batting: RHB Ken Frazier
|
0-0: Fly out, F9 (Flyball, 9S, EV 86.9 MPH)
|
Bottom of the 6th over - 0 runs, 1 hit, 0 errors, 1 left on base; Lodi 2 - Visalia 2 |
TOP OF THE 7TH |
Lodi Crushers batting - Pitching for Visalia Mets : RHP Mike Ferguson
|
Batting: SHB Leon Baham
|
0-0: Called Strike 0-1: Foul Ball, location: 2F 0-2: Ground out U3 (Groundball, 3, EV 84.4 MPH)
|
Batting: RHB Kerry Baker
|
0-0: Ball 1-0: Called Strike 1-1: Ball 2-1: Ground out 1-3 (Groundball, P, EV 69.4 MPH)
|
Batting: LHB Adrian Zepeda
|
0-0: Called Strike 0-1: Ball 1-1: Ball 2-1: TRIPLE (Flyball, 9LD, EV 111.3 MPH)
|
Batting: LHB Francisco Jabalera
|
0-0: Swinging Strike 0-1: Ball 1-1: Ball 2-1: Foul Ball, location: 2F 2-2: Ball Passed Ball! Adrian Zepeda scores 3-2: SINGLE (Line Drive, 8RS, EV 93.8 MPH)
|
Batting: RHB Carmelo Martinez
|
0-0: Called Strike 0-1: Ball Francisco Jabalera is caught stealing 2nd base 2-4
|
Top of the 7th over - 1 run, 2 hits, 0 errors, 0 left on base; Lodi 3 - Visalia 2 |
BOTTOM OF THE 7TH |
Visalia Mets batting - Pitching for Lodi Crushers : LHP John Franco
|
Batting: RHB Ed Sedar
|
0-0: Ball 1-0: Ground out 4-3 (Groundball, 4, EV 103.1 MPH)
|
Batting: RHB Gabriel de la Sancha
|
0-0: Ball 1-0: Called Strike 1-1: Foul Ball, location: 2F 1-2: Strikes out swinging
|
Batting: RHB Eddie Dennis
|
0-0: Fly out, F9 (Line Drive, 9, EV 93.1 MPH)
|
Bottom of the 7th over - 0 runs, 0 hits, 0 errors, 0 left on base; Lodi 3 - Visalia 2 |
TOP OF THE 8TH |
Lodi Crushers batting - Pitching for Visalia Mets : RHP Mike Ferguson
|
Batting: RHB Carmelo Martinez
|
0-0: Called Strike 0-1: Swinging Strike 0-2: Foul Ball, location: 2F 0-2: Ground out 5-3 (Groundball, 56S, EV 83.1 MPH)
|
Batting: RHB Ron Karkovice
|
0-0: Called Strike 0-1: Called Strike 0-2: Fly out, F8 (Flyball, 8LS, EV 91.3 MPH)
|
Batting: LHB Jeff Reed
|
0-0: Called Strike 0-1: Foul Ball, location: 2F 0-2: Ball 1-2: Ball 2-2: Ground out 4-3 (Groundball, 4, EV 107.5 MPH)
|
Top of the 8th over - 0 runs, 0 hits, 0 errors, 0 left on base; Lodi 3 - Visalia 2 |
BOTTOM OF THE 8TH |
Visalia Mets batting - Pitching for Lodi Crushers : LHP John Franco
|
Batting: RHB Danny Ainge
|
0-0: Called Strike 0-1: Ball 1-1: Ball 2-1: Ball 3-1: Foul Ball, location: 2F 3-2: Fly out, F8 (Flyball, 8RD, EV 95.6 MPH)
|
Batting: SHB David Navarro
|
0-0: SINGLE (Line Drive, 89M, EV 110.0 MPH)
|
Batting: LHB Huey Gayden
|
0-0: Ball 1-0: Foul Ball, location: 2F 1-1: Fielders Choice at 2nd, 6-4 (Groundball, 56, EV 105.6 MPH)
|
Batting: LHB Pete Dalena
|
0-0: Ball 1-0: Called Strike 1-1: Ground out 6-3 (Groundball, 56, EV 104.4 MPH)
|
Bottom of the 8th over - 0 runs, 1 hit, 0 errors, 1 left on base; Lodi 3 - Visalia 2 |
TOP OF THE 9TH |
Lodi Crushers batting - Pitching for Visalia Mets : RHP Mike Ferguson
|
Pitching: RHP Dennis Long
|
|
Batting: RHB Chris Baker
|
0-0: Ball 1-0: Called Strike 1-1: Fly out, F7 (Flyball, 78S, EV 94.4 MPH)
|
Batting: RHB Steve Aragon
|
0-0: Foul Ball, location: 2F 0-1: Swinging Strike 0-2: Ball 1-2: Ball 2-2: Ground out 4-3 (Groundball, 34, EV 102.5 MPH)
|
Batting: SHB Leon Baham
|
0-0: Called Strike 0-1: Foul Ball, location: 2F 0-2: Strikes out swinging
|
Top of the 9th over - 0 runs, 0 hits, 0 errors, 0 left on base; Lodi 3 - Visalia 2 |
BOTTOM OF THE 9TH |
Visalia Mets batting - Pitching for Lodi Crushers : LHP John Franco
|
Batting: SHB Marcos Gomez
|
0-0: Ball 1-0: Swinging Strike 1-1: Called Strike 1-2: Foul Ball, location: 2F 1-2: Strikes out swinging
|
Batting: RHB Ken Frazier
|
0-0: Fly out, F8 (Flyball, 8RD, EV 89.4 MPH)
|
Batting: RHB Ed Sedar
|
0-0: Ball 1-0: Ball 2-0: Fly out, F8 (Flyball, 8RD, EV 106.3 MPH)
|
Bottom of the 9th over - 0 runs, 0 hits, 0 errors, 0 left on base; Lodi 3 - Visalia 2 |
|